groovejumper, neutral female human Wizard ------------ |{.........| -------------- ---------- |..........| #-.......(....| .........| |.......^..| #|............-# ...........| |..........| #|............|# ...........$.| #+..........| #|............|# @@.@............| #|..........| #--------------# # -----+--------- #-|-------.-- # # #### #### ######## # # # ## # # # # #### ### # # # % # # # # # -----# ##### ### # # # |...|# --.--------|----# ### # # |...|# |..............|# #----------|----# |.<.-# |...............# #-.............-# ----- |..............| |...<.........| ---------------- --------------- groovejumper the Thaumaturge Experience level: 9 Strength: 25 Dexterity: 16 Constitution: 15 Intelligence: 18 Wisdom: 10 Charisma: 10 Health: 0(59) Energy: 96(96) AC: 1 Gold: 0 Moves: 6980 Your Inventory: Weapons a - a blessed +3 quarterstaff Armor e - a blessed +0 cloak of magic resistance (being worn) t - an uncursed +0 Hawaiian shirt (being worn) w - a blessed +2 chain mail of power (being worn) y - an uncursed +0 pair of water walking boots (being worn) Rings K - an uncursed ring of regeneration Tools b - an [uncursed] sack u - an [uncursed +0] unicorn horn U - an [uncursed] key [skeleton key] Contents of the sack: 4177 gold pieces 12 [uncursed] food rations 3 [uncursed] lembas wafers 2 [uncursed] scrolls called earth [of earth] a [cursed] scroll labeled ETAOIN SHRDLU [of gold detection] 2 [cursed] scrolls labeled HACKEM MUCHE [of light] a [cursed] scroll labeled READ ME [of genocide] an [uncursed] scroll of magic mapping a cursed scroll of remove curse a [blessed] unlabeled scroll [of blank paper] a [cursed] unlabeled scroll [of blank paper] an [uncursed] unlabeled scroll [of blank paper] a [blessed] black potion [of healing] a [cursed] effervescent potion [of object detection] a [cursed] ochre potion [of see invisible] an [uncursed] ochre potion [of see invisible] an uncursed potion of enlightenment 2 uncursed potions of restore ability a [cursed] potion of restore ability an [uncursed] potion of sleeping 7 uncursed potions of water 5 potion of [unholy] water a potion of [holy] water an [uncursed] sky blue potion [of blindness] a [cursed] white potion [of levitation] an uncursed ring of levitation an [uncursed] ring of polymorph control an uncursed wand of cancellation (0:7) an uncursed wand of cold (0:5) an [uncursed] wand of lightning [0:1] a [cursed] wand of magic missile [0:6] an uncursed wand of polymorph (0:2) an [uncursed] wand of striking [0:0] an [uncursed] wand of striking [0:7] an uncursed can of grease (0:7) an [uncursed] towel Spells known in the end: Name Level Category Fail Memory a - force bolt 1 attack 40% [||||||..] b - slow monster 2 enchantment 40% [||||||..] c - haste self 3 escape 96% [|||||||.] Your skills at the end: Fighting Skills Weapon Skills quarterstaff [Skilled / Expert] Spellcasting Skills attack spells [Basic / Expert] enchantment spells [Basic / Skilled] Final Attributes: You were piously aligned. Hunger level was 1206. Your alignment was 44 / 44. Monster difficulty range was 1 - 8. Level difficulty was 7. You resisted cold. You were magic-protected. You were telepathic. You could walk on water. Your luck was zero. You are dead. Vanquished creatures: a ghost 2 giant mimics a large mimic a water demon 2 small mimics a flaming sphere a chameleon a giant beetle a wolf a winter wolf cub 3 leprechauns a giant spider 3 ogres a werewolf a white unicorn a dust vortex a snake an ape 2 Woodland-elves 2 snow ants a wood nymph a water nymph 2 rock piercers 4 enormous rats a rock mole 3 shriekers 3 gnome lords 3 gray oozes a straw golem 2 paper golems a baby crocodile 5 giant ants 4 floating eyes 2 kittens a homunculus 3 kobold lords 6 rothes a rabid rat a centipede 2 giant bats 2 orc zombies 3 dwarf zombies a wererat a werejackal 3 iguanas 8 killer bees an acid blob a coyote a gas spore a hobbit 2 manes 2 large kobolds a hobgoblin 12 giant rats 3 cave spiders a brown mold a green mold 2 red molds 2 gnomes 7 garter snakes 2 gnome zombies 6 geckos 9 jackals 2 foxes a kobold 2 goblins a sewer rat 8 grid bugs a bat 5 lichens a kobold zombie 5 newts 173 creatures vanquished. Voluntary challenges: You were an atheist. You used a wielded weapon 171 times. You read items or engraved 18 times. You put on armor 6 times. You never genocided any monsters. You never polymorphed an object. You never changed form. You used no wishes. You wrote Elbereth's name 2 times. You encountered 1 bones level. You never used any Sokoban shortcuts. Dungeon overview: The Dungeons of Doom: levels 1 to 7 Level 1 a long staircase Level 2 an armor shop, some fountains stairs to The Gnomish Mines Level 3 a general store Level 4 some fountains Level 5 some fountains Level 7 some fountains Level 7 <- You were here a fountain stairs to Sokoban The Gnomish Mines: Level 3 stairs to The Dungeons of Doom Sokoban: levels 4 to 6 Level 6 a magic chest stairs to The Dungeons of Doom History has recorded: On T:1 you entered the Dungeons of Doom to retrieve the Amulet of Yendor! On T:466 you reached level 2 of The Dungeons of Doom. On T:482 you advanced to experience level 2. On T:560 you reached level 1 of The Gnomish Mines. On T:772 you advanced to experience level 3. On T:965 you reached level 3 of The Dungeons of Doom. On T:1020 you advanced to experience level 4. On T:1043 you advanced to experience level 5. On T:1061 you advanced to experience level 6. On T:1858 you reached level 4 of The Dungeons of Doom. On T:1869 you advanced to experience level 7. On T:2309 you reached level 5 of The Dungeons of Doom. On T:2663 you reached level 6 of The Dungeons of Doom. On T:2796 you advanced to experience level 8. On T:2847 you received advice from The Oracle. On T:3060 you reached level 7 of The Dungeons of Doom. On T:3392 you reached level 3 of Sokoban. On T:4111 you reached level 2 of Sokoban. On T:4803 you reached level 1 of Sokoban. On T:5220 you advanced to experience level 9. Latest messages: You are hit by a runed spear! [HP-31=21] [2 turns] You hit the Woodland-elf! The Woodland-elf swings her runed broadsword. The Woodland-elf just misses! The Woodland-elf wields a runed dagger! [HP+1=22] You kill the Woodland-elf! You hit the Woodland-elf! The Woodland-elf thrusts her runed dagger. The Woodland-elf misses. The Woodland-elf thrusts her runed dagger. The Woodland-elf hits! [HP-7=15] [2 turns] You hit the Woodland-elf! The Woodland-elf thrusts her runed dagger. The Woodland-elf hits! [HP-7=8] You write "Elbereth" with your fingers into the dust. The Woodland-elf thrusts her runed dagger. The Woodland-elf hits! You die... Final status: Goodbye groovejumper the Wizard... You died in The Dungeons of Doom on dungeon level 7 with 15653 points, and 4177 pieces of gold, after 6980 moves. You were level 9 with a maximum of 59 hit points when you died.